 Dungeon Crawl Stone Soup version 0.19.5 (webtiles) character file.

172 miragecloak the Cudgeler (level 5, -4/41 HPs)
             Began as a Formicid Abyssal Knight on May 10, 2017.
             Was a Believer of Lugonu.
             Slain by miragecloak's ghost (9 damage)
             ... on level 4 of the Dungeon.
             The game lasted 00:02:26 (3714 turns).

miragecloak the Cudgeler (Formicid Abyssal Knight)  Turns: 3714, Time: 00:02:27

Health: -4/41      AC:  3    Str: 16    XL:     5   Next: 83%
Magic:  6/6        EV: 11    Int: 12    God:    Lugonu [**....]
Gold:   133        SH:  0    Dex: 11    Spells: 0 memorised, 4 levels left

rFire  . . .     SeeInvis +     a - +1 mace
rCold  . . .     Gourm    .     b - +0 leather armour
rNeg   . . .     Faith    .     (no shield)
rPois  .         Spirit   .     (helmet unavailable)
rElec  .         Reflect  .     (no cloak)
rCorr  .         Harm     .     (no gloves)
MR     .....                    (no boots)
Stlth  +.........               (no amulet)
                                (no ring)
                                (no ring)

@: no status effects
A: permanent stasis, dig shafts and tunnels, four strong arms, antennae 3
a: Dig, Shaft Self, Depart the Abyss, Bend Space, Renounce Religion


You were on level 4 of the Dungeon.
You worshipped Lugonu.
Lugonu was pleased with you.
You were hungry.

You visited 1 branch of the dungeon, and saw 4 of its levels.
You visited the Abyss 1 time.

You collected 133 gold pieces.

Inventory:

Hand Weapons
 a - a +1 mace (weapon)
Armour
 b - a +0 leather armour (worn)
Scrolls
 e - a scroll of remove curse {unknown}
 g - a scroll of enchant weapon {unknown}
 h - a scroll of fear {unknown}
 j - 2 scrolls of identify {unknown}
 k - 3 scrolls of recharging {unknown}
 m - a scroll of teleportation {unknown}
 p - a scroll of blinking {unknown}
Potions
 d - a potion of brilliance {unknown}
 f - a potion of beneficial mutation {unknown}
 i - a potion of haste {unknown}
Comestibles
 c - 5 bread rations
 l - a beef jerky
 n - a slice of pizza
 o - a meat ration


   Skills:
 - Level 3.2 Fighting
 + Level 5.5 Maces & Flails
 - Level 2.1 Armour
 - Level 0.8 Dodging
 - Level 2.1 Invocations


You had 4 spell levels left.
You didn't know any spells.

Dungeon Overview and Level Annotations

Branches:
Dungeon (4/15)
 Temple: D:4-7

Altars:
Ru
Vehumet
Zin

Annotations:
D:4 miragecloak's ghost, weakling FoAK


Innate Abilities, Weirdness & Mutations

You are under a permanent stasis effect.
You can dig through walls and to a lower floor.
Your four strong arms can wield two-handed weapons with a shield.
You have a pair of large antennae on your head. (SInv)


Message History

The gnoll closely misses you.
You barely miss Natasha.
Natasha is almost dead.
The crimson imp blinks!
Natasha claws you.
* * * LOW HITPOINT WARNING * * *
The gnoll closely misses you.
You hit Natasha.
You kill Natasha!
Lugonu accepts your kill.
Natasha screams in fury as she dies!
The gnoll barely misses you.
There is a stone staircase leading down here.
The gnoll barely misses you.
You climb downwards.
A player ghost and a skeleton come into view.
Miragecloak's ghost turns its malevolent gaze towards you.
Found a scroll labeled SESHIT RAGEHE and 14 gold pieces.
There is a stone staircase leading up here.
Miragecloak's ghost hits you!
You die...

..
Z##.#####
........#
.......$#
.........
#?......#
#......g#
#.....W@#
#########


You could see miragecloak's ghost, a gnoll and a bullfrog skeleton.

Vanquished Creatures
  Natasha (twice) (D:3)
  7 adders
  An ooze (D:1)
  4 dart slugs
  A worm (D:2)
  A giant cockroach (D:2)
  4 goblins
  4 hobgoblins (D:1)
  3 jackals (D:2)
  11 ball pythons
  3 frilled lizards
  8 kobolds
  5 rats
54 creatures vanquished.

Notes
Turn   | Place    | Note
-------+----------+-------------------------------------------
     0 | Abyss:1  | miragecloak the Formicid Abyssal Knight began the quest for the Orb.
     0 | Abyss:1  | Reached XP level 1. HP: 18/18 MP: 2/2
    55 | Abyss:1  | Noticed a small abomination
    55 | Abyss:1  | Noticed an iron imp
    56 | D:1      | Escaped the Abyss
   345 | D:1      | Reached XP level 2. HP: 13/24 MP: 3/3
   574 | D:1      | Reached skill level 3 in Maces & Flails
   862 | D:1      | Reached XP level 3. HP: 21/29 MP: 4/4
  1432 | D:2      | Reached * piety under Lugonu
  1470 | D:2      | Found a faded altar of an unknown god.
  2050 | D:2      | Reached skill level 4 in Maces & Flails
  2050 | D:2      | Reached XP level 4. HP: 32/35 MP: 5/5
  2705 | D:2      | Reached XP level 5. HP: 27/41 MP: 6/6
  2905 | D:2      | Found a sacrificial altar of Ru.
  2905 | D:2      | Found a radiant altar of Vehumet.
  3094 | D:3      | Found a glowing silver altar of Zin.
  3302 | D:3      | Reached ** piety under Lugonu
  3304 | D:3      | Reached skill level 5 in Maces & Flails
  3330 | D:3      | Noticed Natasha
  3359 | D:3      | Killed Natasha
  3691 | D:3      | Noticed Natasha
  3703 | D:3      | Killed Natasha
  3713 | D:4      | Noticed miragecloak's ghost (weakling FoAK)
  3714 | D:4      | Slain by miragecloak's ghost

Skill      XL: |  1  2  3  4  5 |
---------------+----------------+-----
Maces & Flails | 3 4 5 |  5.5
Fighting       | |  3.2
Armour         | |  2.1
Dodging        | |  0.8
Invocations    | |  2.1

Action                   |  1- 3 |  4- 6 || total
-------------------------+-------+-------++-------
Melee: Mace              |    81 |    96 ||   177
Invok: Depart the Abyss  |     1 |       ||     1
  Eat: Chunk             |     3 |     5 ||     8
Armor: Leather armour    |    18 |    25 ||    43
Dodge: Dodged            |    57 |    73 ||   130
